Map: 16-Bit LE

Players

pOwl

  • Race: Zerg Zerg
  • League: Diamond
  • Spawn Location: 1:00

Online - Winner!

  • Race: Terran Terran
  • League: Master
  • Spawn Location: 7:00

VOD

Have the link to the VOD?

Description

I hope to see this or simeler in a pro game

Time

  • Played on: July 16, 2018, 5:50 a.m.
  • Length: 12:38
Show
View Real Time Build Order
Export as new Build Order

pOwl Zerg 

Build Orders: Hatch First 

Get SALT Encoding   

  12  0:01  Drone  
  13  0:12  Overlord  
  13  0:18  Drone  
  14  0:32  Drone x2  
  16  0:35  Drone  
  17  0:56  Hatchery  
  16  0:58  Drone  
  16  1:02  Drone  
  18  1:11  Extractor  
  18  1:18  Spawning Pool  
  16  1:20  Drone  
  16  1:23  Drone  
  18  1:28  Drone  
  19  1:40  Overlord  
  19  1:50  Drone  
  20  2:04  Queen  
  20  2:05  Zergling x2  
  20  2:07  Queen  
  26  2:08  Zergling x2  
  26  2:26  Hatchery  
  25  2:30  Overlord  
  25  2:34  Drone  
  26  2:39  Drone x2  
  28  2:48  Queen  
  30  2:57  Overlord  
  30  3:01  Overlord  
  30  3:02  Drone  
  30  3:03  Drone  
  30  3:04  Drone  
  33  3:09  Metabolic Boost  
  33  3:17  Drone  
  33  3:18  Drone x2  
  36  3:20  Drone  
  36  3:23  Drone  
  36  3:25  Drone  
  39  3:35  Overlord  
  39  3:36  Drone x2  
  39  3:37  Drone  
  42  3:45  Queen  
  42  3:47  Queen  
  45  3:54  Overlord  
  45  3:55  Drone x2  
  47  4:07  Drone x6  
  47  4:08  Drone  
  54  4:11  Drone  
  54  4:12  Drone  
  54  4:16  Baneling Nest  
  55  4:20  Zergling x4  
  55  4:21  Zergling x2  
  55  4:22  Zergling x2  
  59  4:28  Overlord  
  59  4:29  Drone  
  59  4:30  Drone  
  62  4:38  Drone x3  
  62  4:39  Drone, Overlord  
  62  4:41  Overlord  
  65  4:46  Lair  
  65  5:05  Drone x8  
  65  5:06  Drone x4  
  77  5:11  Extractor  
  77  5:12  Extractor  
  77  5:13  Extractor  
  74  5:14  Hatchery  
  74  5:15  Evolution Chamber  
  74  5:16  Zergling x8  
  74  5:17  Evolution Chamber  
  75  5:23  Zergling x2  
  75  5:24  Zergling x4  
  78  5:32  Overlord  
  78  5:35  Overlord  
  78  5:36  Drone x5  
  78  5:42  Hatchery, Zerg Ground Armor Level 1  
  82  5:47  Zergling x2, Spore Crawler  
  82  5:48  Zergling x2, Spore Crawler  
  81  6:04  Zerg Melee Weapons Level 1  
  81  6:08  Extractor  
  81  6:09  Overlord  
  81  6:10  Extractor  
  79  6:13  Overlord  
  79  6:16  Zergling x20  
  89  6:30  Drone  
  89  6:31  Drone x4  
  89  6:32  Drone x3  
  77  6:58  Overseer  
  77  7:00  Overlord x2  
  77  7:13  Drone  
  78  7:17  Overseer  
  78  7:24  Drone  
  78  7:25  Drone x7  
  78  7:26  Drone  
  87  7:32  Drone x4  
  87  7:33  Drone  
  87  7:35  Extractor  
  87  7:36  Extractor  
  90  7:37  Drone x2  
  90  7:38  Spore Crawler, Drone, Spine Crawler  
  90  7:39  Zerg Ground Armor Level 2  
  91  7:47  Overseer  
  91  7:48  Spire  
  90  8:06  Drone x2  
  90  8:07  Drone x12  
  90  8:08  Drone  
  90  8:09  Drone  
  90  8:12  Drone x2  
  108  8:23  Spawning Pool  
  107  8:30  Drone x7  
  107  8:31  Drone  
  115  8:36  Extractor  
  110  9:00  Spawning Pool  
  83  9:07  Overlord  
  83  9:09  Extractor  
  82  9:10  Zerg Flyer Weapons Level 1, Extractor  
  82  9:12  Mutalisk x4  
  82  9:13  Mutalisk  
  97  9:20  Drone x2  
  80  9:29  Drone x5  
  80  9:31  Drone x2, Infestation Pit  
  84  9:37  Drone x4  
  90  9:39  Queen x4  
  90  9:43  Mutalisk  
  102  9:46  Mutalisk x2  
  106  10:08  Drone x5  
  109  10:15  Queen  
  91  10:51  Drone  
  91  10:52  Drone x6  
  77  11:09  Hatchery  
Show
View Real Time Build Order
Export as new Build Order

Online Terran - Winner!

Build Orders: MMM Bio 

Get SALT Encoding   

  12  0:01  SCV  
  13  0:13  SCV  
  14  0:18  Supply Depot  
  14  0:25  SCV  
  15  0:39  SCV  
  15  0:41  Barracks  
  16  0:52  SCV  
  17  1:04  SCV  
  18  1:16  SCV  
  19  1:20  Command Center  
  19  1:31  Orbital Command  
  19  1:33  Marine  
  19  1:37  Refinery  
  20  1:41  Refinery  
  20  1:50  Marine  
  20  1:54  Supply Depot  
  21  1:59  SCV  
  22  2:14  SCV  
  23  2:26  SCV  
  24  2:34  Refinery  
  24  2:36  Orbital Command  
  24  2:41  Ghost Academy  
  24  2:42  Barracks Tech Lab  
  24  2:44  SCV  
  25  3:03  SCV x2  
  27  3:12  Ghost  
  27  3:15  Factory  
  29  3:22  Command Center  
  29  3:24  SCV x2  
  31  3:36  SCV x2  
  33  3:45  Ghost, Supply Depot  
  33  3:48  SCV, Personal Cloaking  
  35  3:54  SCV  
  37  4:00  SCV  
  38  4:06  SCV, Engineering Bay  
  39  4:13  SCV  
  40  4:18  SCV  
  40  4:21  Factory Tech Lab  
  41  4:25  SCV  
  41  4:30  SCV  
  43  4:32  Ghost Academy x2  
  43  4:33  Ghost Academy  
  43  4:37  Marine, SCV  
  45  4:42  SCV  
  46  4:47  Siege Tank  
  46  4:49  SCV  
  50  4:54  SCV, Marine  
  50  4:59  Refinery  
  52  5:01  SCV  
  52  5:04  Starport  
  52  5:05  Planetary Fortress  
  52  5:06  SCV  
  54  5:13  SCV  
  55  5:18  SCV  
  55  5:20  Missile Turret, Supply Depot  
  56  5:27  Nuke  
  56  5:28  Nuke  
  56  5:29  SCV  
  56  5:30  SCV  
  58  5:40  Nuke  
  58  5:41  SCV  
  59  5:43  SCV  
  59  5:45  SCV  
  61  5:52  Supply Depot  
  61  5:53  SCV  
  61  5:55  SCV, Nuke  
  61  5:56  Viking  
  65  5:57  SCV  
  65  6:00  Barracks  
  65  6:03  Barracks x2  
  66  6:05  Barracks  
  66  6:06  SCV, Refinery x2  
  66  6:07  SCV  
  66  6:09  SCV  
  69  6:11  Missile Turret, Supply Depot  
  72  6:18  Siege Tank  
  72  6:19  SCV x2  
  74  6:26  Armory  
  72  6:46  Marine, Supply Depot  
  73  6:47  Supply Depot  
  73  6:48  Supply Depot  
  73  6:49  Supply Depot  
  73  6:50  Siege Tank, Stimpack, Supply Depot, Nuke  
  76  7:00  Barracks Tech Lab, Barracks Reactor, Marine x2  
  78  7:04  Marauder  
  80  7:09  Starport Reactor  
  80  7:11  Nuke  
  80  7:23  Barracks Tech Lab, Barracks Reactor  
  80  7:30  Sensor Tower  
  80  7:33  SCV  
  80  7:35  Marine x2  
  80  7:36  Missile Turret  
  83  7:41  Missile Turret x2, Engineering Bay  
  83  7:49  Nuke x3  
  83  7:50  SCV x2  
  85  7:52  Combat Shields  
  85  7:53  Marine x2  
  92  8:02  Nuke  
  92  8:03  SCV x2  
  93  8:06  Marine  
  93  8:08  Ghost, Marine  
  93  8:09  SCV  
  93  8:10  Marine  
  93  8:11  Marine  
  96  8:15  SCV  
  97  8:23  SCV x2  
  99  8:27  SCV  
  99  8:33  Missile Turret  
  100  8:34  Command Center  
  100  8:48  Ghost x2, SCV x2  
  102  8:49  Marine x2  
  102  8:50  Marauder  
  102  8:51  Medivac x2  
  102  8:52  SCV  
  115  9:00  SCV  
  115  9:01  Nuke x2  
  115  9:02  Nuke  
  116  9:09  Marine x4  
  118  9:11  Marauder  
  118  9:14  Missile Turret  
  118  9:16  Missile Turret x2  
  120  9:17  Marine x2  
  120  9:19  Missile Turret x2  
  122  9:26  Nuke  
  122  9:27  Marine x2  
  124  9:38  Terran Infantry Armor Level 1, Terran Infantry Weapons Level 1  
  124  9:42  Concussive Shells  
  122  9:46  Command Center  
  122  10:02  SCV  
  122  10:06  SCV x2  
  125  10:07  Orbital Command  
  125  10:12  Terran Ship Weapons Level 1  
  125  10:14  SCV  
  126  10:31  SCV x2  
  118  10:45  Marine x2  
  118  10:46  Ghost x2, Marauder, Marine  
  118  10:47  SCV x2  
  118  10:48  Thor  
  133  10:58  Marine, SCV  
  133  11:03  Marine  
  136  11:04  Nuke  
  136  11:05  Nuke x2  
  136  11:07  Marauder  
  138  11:14  Ghost x2  
  138  11:20  SCV  
  138  11:21  Marine x4  
  138  11:27  Barracks x2  
  138  11:29  Barracks, Marauder  
  138  11:31  Cyclone  
  138  11:43  Ghost, Refinery  
  138  11:45  Nuke  
  138  11:51  Refinery  
  138  12:03  SCV x2  
  138  12:16  Marauder, Marine x2  
  138  12:18  Barracks Tech Lab, Barracks Reactor x2  
  138  12:21  Supply Depot  
  138  12:23  Supply Depot  
Tags
 
Composition
MMM Bio
Matchup
TvZ
Spawn Locations
Cross Positions
Add a new tag
Caveats
  • Supply blocks, unpowered buildings, or Contaminate may cause inaccurate times.
  • Supply counts are checked every 10 seconds.